 Dungeon Crawl Stone Soup version 0.28.0-53-g5a82cb258f (webtiles) character file.

Game seed: 14233494910888424907

52 bnorton916 the Firebug (level 3, 0/19 HPs)
             Began as a Deep Elf Fire Elementalist on July 15, 2022.
             Slain by a goblin
             ... wielding a +0 dagger
             ... led by Robin
              (2 damage)
             ... on level 1 of the Dungeon.
             The game lasted 00:01:49 (2018 turns).

bnorton916 the Firebug (Deep Elf Fire Elementalist) Turns: 2018, Time: 00:01:50

Health: 0/19       AC:  2    Str:  5    XL:     3   Next: 60%
Magic:  6/10       EV: 12    Int: 21    God:
Gold:   42         SH:  0    Dex: 15    Spells: 9/10 levels left

rFire   . . .      SeeInvis .   c - +0 short sword (venom)
rCold   . . .      Faith    .   (no shield)
rNeg    . . .      Spirit   .   a - +0 robe
rPois   .          Reflect  .   (no helmet)
rElec   .          Harm     .   (no cloak)
rCorr   .          Rampage  .   (no gloves)
Will    +....                   (no boots)
Stlth   ++........              (no amulet)
HPRegen 0.06/turn               e - ring of willpower
MPRegen 0.12/turn               (no ring)

@: no status effects
A: no striking features
a: no special abilities


You were on level 1 of the Dungeon.
You visited 1 branch of the dungeon, and saw 2 of its levels.

You collected 42 gold pieces.

Inventory:

Hand Weapons
 c - a +0 short sword of venom (weapon)
Missiles
 f - 44 stones
Armour
 a - a +0 robe (worn)
Jewellery
 e - a ring of willpower (left hand)
 g - a ring of willpower
Scrolls
 b - a scroll of teleportation {unknown}
 d - 2 scrolls of fear {unknown}
 h - a scroll of fog {unknown}


   Skills:
 - Level 2.4 Dodging
 - Level 2.4 Stealth
 + Level 4.0 Spellcasting
 + Level 2.3 Conjurations
 + Level 4.0 Fire Magic


You had 9 spell levels left.
You knew the following spells:

 Your Spells              Type           Power      Damage    Failure   Level
a - Foxfire               Conj/Fire      68%        2x1d7     3%          1

Your spell library contained the following spells:

 Spells                   Type           Power      Damage    Failure   Level
 Scorch                   Fire           42%        2d7       3%          2
 Conjure Flame            Conj/Fire      17%        6-21      10%         3
 Inner Flame              Hex/Fire       12%        N/A       16%         3
 Flame Wave               Conj/Fire      17%        2d6       32%         4


Dungeon Overview and Level Annotations

Branches:
Dungeon (2/15)

Altars:
The Shining One

Annotations:
D:2 Robin


Message History

Robin is almost dead.
The goblin throws a stone.
The stone barely misses you.
The goblin throws a stone.
The stone completely misses you. Robin throws the goblin at you!
Things that are here:
a +0 club; a goblin skeleton Really attack while wielding nothing? [Y]es or [N]o only, please.
Really attack while wielding nothing?
Okay, then.
The goblin completely misses you. The goblin hits you with a +0 dagger.
Robin throws the goblin at you! The goblin hits you with a +0 dagger.
There is a stone staircase leading up here.
The goblin barely misses you. The goblin closely misses you.
You climb upwards.
There is a stone staircase leading down here.
Casting: Foxfire (safe; 3% risk of failure)
Confirm with . or Enter, or press ? or * to list all spells.
You miscast Foxfire.
You are very lightly contaminated with residual magic.
Nothing appears to happen.
The goblin hits you with a +0 dagger. x2
* * * LOW HITPOINT WARNING * * *
Unknown command.
The goblin closely misses you.
The goblin no longer looks unusually strong.
Your +0 short sword of venom begins to drip with poison!
c - a +0 short sword of venom (weapon)
The goblin completely misses you.
You closely miss the goblin.
The goblin no longer looks unusually strong.
The goblin misses you. The goblin hits you with a +0 dagger.
* * * LOW HITPOINT WARNING * * *
The goblin throws a stone.
The stone hits you.
* * * LOW HITPOINT WARNING * * *
Your magical contamination has completely faded away.
You hit the goblin.
The goblin is poisoned.
The goblin is heavily wounded.
The goblin hits you with a +0 dagger.
You die...

#.##.......#.##.......#..†.......
#.#........#)##....##.########.#.
#.#.......##.##............#.....
#.#.......##.##....##.####.#..#..
#.#.......##.####.....# #.#..#..
...........#[#.....#..# #.#..#..
...........#.#.###.#..# #.#..#.#
...........#.....#....# #.#.....
...#.####..#...#@#....# #.##....
...##..........#.g.g..# #.......
..........##.#.#####..# ########
.#.##.................#
.#.###.......#.......>###### .#.#
#.......##............# .#.#
#.......##............# .#.#
#.......##............#
.#.###.......##............#


You could see 2 goblins.

Vanquished Creatures
  An adder (D:2)
  A worm (D:2)
  2 dart slugs (D:1)
  An endoplasm (D:2)
  2 giant cockroaches
  8 goblins
  2 hobgoblins (D:2)
  3 jackals (D:2)
  4 ball pythons
  6 bats
  A frilled lizard (D:1)
  2 kobolds (D:1)
  4 rats
37 creatures vanquished.

Vanquished Creatures (others)
  207 foxfires
207 creatures vanquished.

Grand Total: 244 creatures vanquished

Notes
Turn   | Place    | Note
-------+----------+-------------------------------------------
     0 | D:1      | bnorton916 the Deep Elf Fire Elementalist began the quest
                  | for the Orb.
     0 | D:1      | Reached XP level 1. HP: 10/10 MP: 6/6
     1 | D:1      | Found a glowing golden altar of the Shining One.
   415 | D:1      | Reached XP level 2. HP: 15/15 MP: 6/8
  1243 | D:2      | Reached XP level 3. HP: 19/19 MP: 5/10
  1641 | D:2      | Noticed Robin
  2018 | D:1      | Slain by a goblin

Illustrated notes

Levels and vault maps discovered:
D:1:      sevenhm_arrival_forest_fort_small_6, layout_basic,
          minmay_misc_feat_diagonals
D:2:      layout_rooms, uniq_natasha, uniq_robin

Skill      XL: |  1  2  3 |
---------------+----------+-----
Conjurations   | 2 |  2.3
Fire Magic     | 4 |  4.0
Spellcasting   | 4 |  4.0
Dodging        | |  2.4
Stealth        | |  2.4

Action                   || total
-------------------------++-------
Melee: Short sword       ||     2
 Cast: Foxfire           ||   110
Armor: Robe              ||     2
Dodge: Dodged            ||    16
